[Event "Titled Tuesday Blitz January 04 2022"]
[White "Moskalenko, Alexander"]
[Black "Godzwon, Iwo"]
[WhiteFideId "4155351"]
[BlackFideId "21802483"]
[WhiteElo "2515"]
[BlackElo "2201"]
[Result "1-0"]
[Round "07"]
[TimeControl "180+1"]
[Date "2022.01.04"]
[WhiteClock "0:00:45"]
[BlackClock "0:00:02"]

1. e4 c5 2. Nf3 e6 3. g3 Nc6 4. Bg2 e5 5. O-O g6 6. a3 Bg7 7. b4 d6 8. bxc5 dxc5 9. c4 Nge7 10. Nc3 Bg4 11. h3 Bxf3 12. Qxf3 Nd4 13. Qd1 O-O 14. d3 Qd7 15. Nd5 Nxd5 16. cxd5 b5 17. Be3 Rfc8 18. h4 a5 19. Kh2 Qd6 20. a4 Rab8 21. axb5 Rxb5 22. Qa4 Rcb8 23. Ra2 Bf8 24. f4 Bg7 25. fxe5 Bxe5 26. Bf4 f6 27. Bxe5 Qxe5 28. Raf2 f5 29. Rf4 Ne2 30. Qc4 Nxf4 31. gxf4 Qd4 32. e5 Qxc4 33. dxc4 Rb2 34. d6 Kf7 35. Kg3 R8b3+ 36. Bf3 a4 37. h5 a3 38. hxg6+ hxg6 39. Rh1 a2 40. Rh7+ Kg8 41. Ra7 Rd2 42. Kh4 Rxf3 43. Kg5 Kh8 44. Kh6 Rh3+ 45. Kxg6 Rh1 46. Ra8# 1-0


[Site "https://www.chess.com"]

[Event "Titled Tuesday Blitz January 04 2022"]
[White "Nakamura, Hikaru"]
[Black "Harutjunyan, Gevorg"]
[WhiteFideId "2016192"]
[BlackFideId "13300873"]
[WhiteElo "2850"]
[BlackElo "2498"]
[Result "1-0"]
[Round "07"]
[TimeControl "180+1"]
[Date "2022.01.04"]
[WhiteClock "0:01:32"]
[BlackClock "0:00:21"]

1. e4 c6 2. Nf3 d5 3. Nc3 Bg4 4. h3 Bh5 5. exd5 cxd5 6. g4 Bg6 7. Ne5 Nc6 8. Bb5 Rc8 9. d4 e6 10. h4 f6 11. Nxg6 hxg6 12. Qd3 Kf7 13. h5 gxh5 14. gxh5 Nge7 15. Bxc6 bxc6 16. Ne2 c5 17. dxc5 Qa5+ 18. c3 Qxc5 19. Be3 Qa5 20. Nf4 Nf5 21. Ng6 Rxh5 22. Rxh5 Kxg6 23. Rh3 Bd6 24. Bd2 Qb6 25. O-O-O Kf7 26. Qe2 d4 27. Kb1 Be5 28. Rc1 dxc3 29. Bxc3 Bxc3 30. Rhxc3 Rxc3 31. Rxc3 Qb7 32. a3 Qh1+ 33. Ka2 Qd5+ 34. Qc4 Ne7 35. Qxd5 Nxd5 36. Rc4 g5 37. Ra4 f5 38. Rxa7+ Kf6 39. Ra8 g4 40. Kb3 f4 41. Kc2 e5 42. Kd3 Kf5 43. Rf8+ Nf6 44. a4 e4+ 45. Ke2 Ke5 46. Rxf6 Kxf6 47. a5 g3 48. fxg3 fxg3 49. a6 1-0


[Site "https://www.chess.com"]

[Event "Titled Tuesday Blitz January 04 2022"]
[White "Nepomniachtchi, Ian"]
[Black "Aghasiyev, Kamal"]
[WhiteFideId "4168119"]
[BlackFideId "13402854"]
[WhiteElo "2740"]
[BlackElo "2210"]
[Result "1-0"]
[Round "07"]
[TimeControl "180+1"]
[Date "2022.01.04"]
[WhiteClock "0:02:32"]
[BlackClock "0:01:34"]

1. e4 c5 2. Nf3 Nc6 3. d4 cxd4 4. Nxd4 g6 5. c4 Bg7 6. Be3 Nf6 7. Nc3 d6 8. f3 O-O 9. Qd2 Bd7 10. Be2 Nxd4 11. Bxd4 a5 12. g4 Be6 13. h4 h5 14. g5 Nd7 15. f4 Bxd4 16. Qxd4 Qb6 17. O-O-O Qxd4 18. Rxd4 Nb6 19. Rf1 f6 20. f5 Bf7 21. Rg1 Nd7 22. fxg6 Bxg6 23. gxf6 Kh7 24. fxe7 Rfe8 25. Rxd6 1-0


[Site "https://www.chess.com"]

[Event "Titled Tuesday Blitz January 04 2022"]
[White "Nguyen, Ngoc Truong Son"]
[Black "Pert, Richard G"]
[WhiteFideId "12401110"]
[BlackFideId "404748"]
[WhiteElo "2596"]
[BlackElo "2441"]
[Result "1-0"]
[Round "07"]
[TimeControl "180+1"]
[Date "2022.01.04"]
[WhiteClock "0:00:50"]
[BlackClock "0:00:12"]

1. d4 Nf6 2. Nf3 g6 3. Nc3 d5 4. Bf4 Bg7 5. Nb5 Na6 6. e3 O-O 7. h3 c6 8. Nc3 Nc7 9. Be2 Ne6 10. Be5 a5 11. g4 Ne4 12. Bxg7 Nxg7 13. Nxe4 dxe4 14. Nd2 f5 15. gxf5 Bxf5 16. c3 e5 17. Nc4 exd4 18. cxd4 Be6 19. Ne5 Qh4 20. Rh2 Nf5 21. Bg4 Kh8 22. Bxf5 Rxf5 23. Qg4 Qf6 24. Qxe4 Bd5 25. Qc2 Qh4 26. O-O-O a4 27. Rg1 Bxa2 28. Rxg6 Rxe5 29. Rg4 Qf6 30. dxe5 Qxe5 31. Rhg2 Bf7 32. Rg5 Qe6 33. Qc3+ 1-0


[Site "https://www.chess.com"]

[Event "Titled Tuesday Blitz January 04 2022"]
[White "Ovchinnikov, Vsevolod"]
[Black "Svane, Rasmus"]
[WhiteFideId "24176842"]
[BlackFideId "4657101"]
[WhiteElo "2376"]
[BlackElo "2645"]
[Result "0-1"]
[Round "07"]
[TimeControl "180+1"]
[Date "2022.01.04"]
[WhiteClock "0:00:04"]
[BlackClock "0:00:32"]

1. d4 d5 2. c4 e6 3. Nf3 a6 4. e3 Nf6 5. Nbd2 b6 6. g3 Bb7 7. Bg2 c5 8. cxd5 Bxd5 9. O-O Nbd7 10. b3 Be7 11. Bb2 O-O 12. Rc1 Rc8 13. Qe2 b5 14. Rfd1 Qa5 15. a3 cxd4 16. Nxd4 Bxa3 17. Ra1 b4 18. e4 Bb7 19. Nc4 Qc7 20. Nxa3 bxa3 21. Bxa3 Rfd8 22. Be7 Re8 23. Bb4 h6 24. f3 e5 25. Ba5 Qc5 26. Qf2 exd4 27. Qxd4 Qxd4+ 28. Rxd4 Nc5 29. Rb1 Bc6 30. b4 Ne6 31. Rd2 Bb5 32. Bh3 Rc3 33. Kf2 Ng5 34. Bg2 Rec8 35. Rbd1 Ne6 36. h4 Ba4 37. Re1 Bb5 38. Red1 Rc2 39. Bh3 h5 40. Bf5 g6 41. Bh3 R8c3 42. e5 Nd5 43. Rxc2 Rxc2+ 44. Ke1 Re2+ 45. Kf1 Ne3+ 0-1


[Site "https://www.chess.com"]

[Event "Titled Tuesday Blitz January 04 2022"]
[White "Ozen, Bahadir"]
[Black "Samadov, Read"]
[WhiteFideId "6337058"]
[BlackFideId "13417444"]
[WhiteElo "2503"]
[BlackElo "2084"]
[Result "1/2-1/2"]
[Round "07"]
[TimeControl "180+1"]
[Date "2022.01.04"]
[WhiteClock "0:01:41"]
[BlackClock "0:01:27"]

1. c4 e5 2. Nc3 Nf6 3. Nf3 Nc6 4. e4 Bb4 5. d3 O-O 6. a3 Bc5 7. b4 Bd4 8. Nxd4 Nxd4 9. Be3 d6 10. Be2 a5 11. b5 c6 12. a4 d5 13. cxd5 cxd5 14. Bxd4 exd4 15. Nxd5 Nxd5 16. exd5 Qxd5 17. O-O Bf5 18. Bf3 Qd7 19. Qd2 Rfc8 20. Rac1 Rxc1 21. Rxc1 Rc8 22. h3 Rxc1+ 23. Qxc1 Bxd3 24. Qd2 Bg6 25. Qxa5 Qc8 26. Bxb7 Qc1+ 27. Kh2 Qf4+ 28. Kg1 Qc1+ 29. Kh2 Qf4+ 30. Kg1 Qc1+ 1/2-1/2


[Site "https://www.chess.com"]

[Event "Titled Tuesday Blitz January 04 2022"]
[White "Padmini, Rout"]
[Black "Safarli, Eltaj"]
[WhiteFideId "5029295"]
[BlackFideId "13402129"]
[WhiteElo "2181"]
[BlackElo "2634"]
[Result "1/2-1/2"]
[Round "07"]
[TimeControl "180+1"]
[Date "2022.01.04"]
[WhiteClock "0:00:02"]
[BlackClock "0:00:26"]

1. e4 e5 2. Nf3 Nc6 3. Bb5 a6 4. Ba4 d6 5. O-O Bd7 6. c3 g6 7. d4 Bg7 8. Re1 b5 9. Bb3 Nf6 10. Bg5 h6 11. Bh4 O-O 12. h3 Re8 13. Nbd2 Qb8 14. Bc2 Qb6 15. dxe5 Nxe5 16. Nxe5 dxe5 17. Qe2 Nh5 18. Nf1 Nf4 19. Qe3 c5 20. Qf3 Qe6 21. Ne3 Bc6 22. Bg3 Nh5 23. Nd5 Nxg3 24. Nc7 Qe7 25. Nxe8 Rxe8 26. Qxg3 h5 27. Rad1 Bh6 28. Qd3 c4 29. Qd6 Qb7 30. Qf6 b4 31. Rd8 Rxd8 32. Qxd8+ Kg7 33. Qd6 bxc3 34. Qxe5+ Kh7 35. Qxc3 Bd7 36. Qxc4 Be6 37. Qc3 Bg7 38. e5 Bd5 39. f3 Qb6+ 40. Kh1 Qf2 41. Bb3 Bxb3 42. axb3 Bh6 43. Rd1 Bf4 44. Qc4 Qg3 45. Qxf7+ Kh6 46. Qf8+ Kg5 47. Qf6+ Kh6 48. Qf8+ Kg5 49. Qe7+ Kh6 50. Qf8+ 1/2-1/2


[Site "https://www.chess.com"]

[Event "Titled Tuesday Blitz January 04 2022"]
[White "Pelopidass"]
[Black "Harshavardhan G B"]
[BlackFideId "25059009"]
[WhiteElo "2611"]
[BlackElo "1831"]
[Result "1-0"]
[Round "07"]
[TimeControl "180+1"]
[Date "2022.01.04"]
[WhiteClock "0:00:20"]
[BlackClock "0:01:05"]

1. d4 Nf6 2. Nf3 d5 3. c4 e6 4. e3 c5 5. cxd5 exd5 6. Bb5+ Nc6 7. O-O Bd7 8. Bxc6 Bxc6 9. Ne5 Bd6 10. Nxc6 bxc6 11. dxc5 Bxc5 12. b3 O-O 13. Bb2 Bd6 14. Nd2 Rc8 15. Qf3 Nd7 16. e4 Be5 17. Bxe5 Nxe5 18. Qg3 Re8 19. Rfd1 Qf6 20. Rac1 h5 21. h3 h4 22. Qc3 Rcd8 23. exd5 cxd5 24. Nf3 Nxf3+ 25. Qxf3 Qxf3 26. gxf3 Re2 27. Rc5 d4 28. Rc4 d3 29. Rc3 d2 30. Re3 Rxe3 31. fxe3 f5 32. Kf2 g5 33. Ke2 Kf7 34. Rxd2 Rxd2+ 35. Kxd2 g4 36. fxg4 fxg4 37. Ke2 gxh3 38. Kf3 Ke6 39. b4 Ke5 40. a4 Kd5 41. b5 Kc5 42. e4 Kb4 43. e5 Kc5 44. Kf2 Kd5 45. a5 Kxe5 46. b6 axb6 47. a6 b5 48. a7 b4 49. a8=Q b3 50. Qb7 b2 51. Qxb2+ Ke4 52. Qc3 Kf4 53. Qxh3 Kg5 54. Kf3 Kf6 55. Qxh4+ Ke5 1-0


[Site "https://www.chess.com"]

[Event "Titled Tuesday Blitz January 04 2022"]
[White "Piorun, Kacper"]
[Black "Panesar Vedant"]
[WhiteFideId "1130420"]
[BlackFideId "35033018"]
[WhiteElo "2571"]
[BlackElo "1971"]
[Result "0-1"]
[Round "07"]
[TimeControl "180+1"]
[Date "2022.01.04"]
[WhiteClock "0:00:10"]
[BlackClock "0:00:46"]

1. e4 e5 2. Bc4 Nf6 3. Nc3 Nc6 4. d3 Bb4 5. Nf3 Bxc3+ 6. bxc3 h6 7. O-O d6 8. h3 O-O 9. Re1 Ne7 10. a4 Ng6 11. a5 Be6 12. Bb3 Bxb3 13. cxb3 a6 14. Be3 d5 15. Bc5 Re8 16. Qc2 Nf4 17. Be3 N6h5 18. Kh2 Qf6 19. Ng1 Rad8 20. g3 Ne6 21. Qe2 Qg6 22. Qg4 Qxg4 23. hxg4 Nf6 24. f3 d4 25. cxd4 Nxd4 26. Rac1 Re7 27. b4 c6 28. Kg2 Nh7 29. Red1 Red7 30. Rc5 f6 31. Kf2 Nb5 32. Ke2 Ng5 33. Rcc1 Ne6 34. f4 Ned4+ 35. Kf2 Nb3 36. Rb1 Nc3 37. Bb6 Nxd1+ 38. Rxd1 Rxd3 39. Re1 Rd2+ 40. Kf3 R8d3+ 0-1


[Site "https://www.chess.com"]

[Event "Titled Tuesday Blitz January 04 2022"]
[White "Sanal, Vahap"]
[Black "Sjugirov, Sanan"]
[WhiteFideId "6300545"]
[BlackFideId "4189302"]
[WhiteElo "2603"]
[BlackElo "2602"]
[Result "0-1"]
[Round "07"]
[TimeControl "180+1"]
[Date "2022.01.04"]
[WhiteClock "0:00:09"]
[BlackClock "0:00:07"]

1. Nf3 d5 2. b3 Bf5 3. Bb2 e6 4. g3 h6 5. Bg2 Nf6 6. O-O Be7 7. d3 O-O 8. Nbd2 Bh7 9. e4 a5 10. a4 Na6 11. Qe2 Nb4 12. Rac1 Na2 13. Ra1 Nb4 14. Rac1 c6 15. Kh1 Nd7 16. Rg1 Bf6 17. e5 Be7 18. Qe3 b5 19. g4 bxa4 20. bxa4 Rb8 21. Ba1 Qb6 22. Qf4 Qd8 23. Bh3 g5 24. Qg3 Nc5 25. Bf1 Nxa4 26. h4 Na2 27. Re1 N4c3 28. Kg2 gxh4 29. Qf4 Bg5 30. Nxg5 Qxg5 31. Qxg5+ hxg5 32. Nf3 Rb4 33. Kh3 Rf4 34. Bg2 Kg7 35. Nxg5 Rxf2 36. Kxh4 Bg6 37. Kg3 Rxc2 38. Rh1 Rb8 39. Ref1 Ne2+ 40. Kf3 Rb4 41. Ke3 Rxg4 42. Bf3 Rxg5 43. Bxe2 Nc3 44. Bf3 Rf5 45. Bg4 Rg5 46. Bf3 Nb5 47. Kf4 Rf5+ 48. Kg3 Rd2 49. Bg4 Rxd3+ 50. Kh4 Rxf1 51. Rxf1 d4 52. Bb2 c5 53. Bc1 Nc3 54. Bg5 Ne4 55. Bf6+ Nxf6 56. exf6+ Kh6 57. Rh1 Re3 58. Bf3 Bf5 59. Bh5 Re4+ 60. Kg3 Kg5 61. Bxf7 Kxf6 62. Be8 Ke5 63. Bc6 Re3+ 64. Kf2 c4 65. Ra1 c3 66. Rxa5+ Kf4 67. Ba4 e5 68. Rc5 Rf3+ 69. Ke2 Bd3+ 0-1


[Site "https://www.chess.com"]

[Event "Titled Tuesday Blitz January 04 2022"]
[White "Shkapenko, Pavel"]
[Black "Moroni, Luca Jr"]
[WhiteFideId "4151933"]
[BlackFideId "865834"]
[WhiteElo "2386"]
[BlackElo "2573"]
[Result "0-1"]
[Round "07"]
[TimeControl "180+1"]
[Date "2022.01.04"]
[WhiteClock "0:00:16"]
[BlackClock "0:00:05"]

1. e4 g6 2. d4 Bg7 3. Nc3 d6 4. h3 Nf6 5. g4 O-O 6. Bg2 e5 7. Nge2 exd4 8. Nxd4 Re8 9. O-O Nbd7 10. Nde2 Nc5 11. Ng3 c6 12. Bf4 Bf8 13. g5 Nfd7 14. Qd2 Ne5 15. b3 Qb6 16. Kh2 Be6 17. Be3 Bc8 18. f4 Ned7 19. Rad1 Qc7 20. b4 Ne6 21. h4 Nb6 22. Qd3 Ng7 23. f5 d5 24. Bf4 Bd6 25. Bxd6 Qxd6 26. exd5 Bxf5 27. Qd4 Nh5 28. Qf2 cxd5 29. Nb5 Qxg3+ 30. Qxg3 Nxg3 31. Kxg3 Bxc2 32. Rd2 Rec8 33. Nd6 Rc7 34. Nxf7 Rxf7 35. Rxf7 Kxf7 36. Rxc2 Ke6 37. Rc7 d4 38. Rxb7 Rd8 39. Rxa7 d3 40. Ra6 Rd6 41. Bf3 d2 42. Kf2 Ke5 43. a4 Nd5 44. Rxd6 Kxd6 45. Ke2 Nxb4 46. Kxd2 Kc5 47. Kc3 Na6 48. a5 Nc7 49. Be2 Nd5+ 50. Kd2 Nf4 51. a6 Kb6 52. Kc3 Nxe2+ 53. Kc4 Ng3 54. Kd5 Nf5 55. Ke5 Nxh4 56. Kf6 Nf3 0-1


[Site "https://www.chess.com"]

[Event "Titled Tuesday Blitz January 04 2022"]
[White "Sipetin, Vladislav"]
[Black "Djordjevic, Vuk"]
[WhiteFideId "24176893"]
[BlackFideId "902098"]
[WhiteElo "2228"]
[BlackElo "2463"]
[Result "1/2-1/2"]
[Round "07"]
[TimeControl "180+1"]
[Date "2022.01.04"]
[WhiteClock "0:00:07"]
[BlackClock "0:00:04"]

1. e4 d5 2. d3 dxe4 3. dxe4 Qxd1+ 4. Kxd1 e5 5. Be3 Be6 6. Nd2 Nf6 7. f3 Nc6 8. Bc4 Bxc4 9. Nxc4 b5 10. Nd2 Nd7 11. c3 Bc5 12. Bxc5 Nxc5 13. Kc2 Ke7 14. Nb3 Ne6 15. Ne2 a5 16. a4 b4 17. Rhd1 Ra6 18. Rd5 Rb8 19. Nc5 Rab6 20. Nd7 bxc3 21. Nxb6 cxb2 22. Kxb2 cxb6 23. Rc1 Nb4 24. Rd2 Nc5 25. Ka3 Nc6 26. Nc3 Nd4 27. Rb1 Kd6 28. Nb5+ Kc6 29. Nxd4+ exd4 30. Rxd4 Re8 31. Rd2 f5 32. Re1 fxe4 33. fxe4 Re5 34. Rd5 Re6 35. Rd2 Nxe4 36. Rde2 Kd5 37. Kb2 Kd4 38. Rd1+ Ke5 39. Rde1 Kd4 40. Rd1+ Ke5 41. Rde1 Kf5 42. Rf1+ Kg6 43. Rf4 Nc5 44. Rxe6+ Nxe6 45. Rc4 Nc5 46. Kc3 Nd7 47. Kd4 Kf6 48. Kd5 Ke7 49. Re4+ Kf6 50. Kc6 Nc5 51. Rc4 Nd3 52. Kxb6 Nb2 53. Rd4 Ke5 54. Rh4 g5 55. Rg4 Kf5 56. h3 h5 57. Rd4 Ke5 58. Rd2 Nc4+ 59. Kb5 Nxd2 60. Kxa5 Nb3+ 61. Kb5 Nd4+ 62. Kb6 Kd5 63. a5 Nc6 64. a6 h4 65. Kb7 Kd6 66. Kb6 Kd5 67. Kb7 Kc5 68. Kc7 Na7 69. Kd7 Nc6 70. Ke6 Kb6 71. Kf5 Nd4+ 72. Kxg5 Kxa6 73. Kxh4 Kb6 74. Kg5 Kc6 75. Kf6 Kd6 76. h4 Ne6 77. h5 Kd7 78. g4 Nc7 79. g5 Nd5+ 80. Kf7 Nf4 81. g6 Nxh5 82. Kg8 Nf6+ 83. Kg7 Ne8+ 84. Kf7 Kd8 85. Kf8 Kd7 86. Kf7 Nd6+ 87. Kf6 Ne8+ 88. Kf7 1/2-1/2


[Site "https://www.chess.com"]

[Event "Titled Tuesday Blitz January 04 2022"]
[White "Terry, Renato"]
[Black "Sargsyan, Anna M."]
[WhiteFideId "3803457"]
[BlackFideId "13308130"]
[WhiteElo "2577"]
[BlackElo "2271"]
[Result "1-0"]
[Round "07"]
[TimeControl "180+1"]
[Date "2022.01.04"]
[WhiteClock "0:01:22"]
[BlackClock "0:00:06"]

1. e4 c6 2. Nf3 d5 3. exd5 cxd5 4. Ne5 Nf6 5. d4 Nc6 6. c3 a6 7. Bd3 g6 8. O-O Bg7 9. Qe2 O-O 10. Nd2 Na5 11. a4 Re8 12. f4 e6 13. g4 Bd7 14. g5 Nh5 15. Qg4 Rc8 16. Rf3 Rf8 17. Rh3 f5 18. gxf6 Nxf6 19. Qe2 Be8 20. Ndf3 Nb3 21. Rb1 Nxc1 22. Rxc1 Nh5 23. Rxh5 gxh5 24. Ng5 Qf6 25. Rf1 Bg6 26. Nd7 Qe7 27. Nxf8 Rxf8 28. Bxg6 hxg6 29. Qxe6+ Qxe6 30. Nxe6 Re8 31. Nc7 Re2 32. Rf2 Re1+ 33. Kg2 Kf7 34. Nxd5 Ke6 35. Nb6 Kf5 36. Kf3 Bh6 37. Nd5 h4 38. Ne3+ Ke6 39. Rg2 Kf7 40. Ng4 Bg7 41. Ne5+ Bxe5 42. fxe5 h3 43. Rf2 Ke6 44. Kg3 g5 45. Kxh3 Rg1 46. Rg2 Rb1 47. Kg4 1-0


[Site "https://www.chess.com"]

[Event "Titled Tuesday Blitz January 04 2022"]
[White "Theodorou, Nikolas"]
[Black "Kobo, Ori"]
[WhiteFideId "4262875"]
[BlackFideId "2812320"]
[WhiteElo "2472"]
[BlackElo "2420"]
[Result "1-0"]
[Round "07"]
[TimeControl "180+1"]
[Date "2022.01.04"]
[WhiteClock "0:01:01"]
[BlackClock "0:00:13"]

1. e4 g6 2. d4 Bg7 3. Nf3 d6 4. Bd3 Nf6 5. O-O O-O 6. Nbd2 Nc6 7. Re1 e5 8. dxe5 Nxe5 9. Nxe5 dxe5 10. Nf3 Qe7 11. h3 Rd8 12. Qd2 Nh5 13. Qc3 Nf4 14. Bxf4 exf4 15. e5 Be6 16. Bc4 Bf5 17. Qb3 c6 18. e6 f6 19. a4 g5 20. Rad1 Kh8 21. Bd3 Bg6 22. Bxg6 hxg6 23. c3 Rxd1 24. Rxd1 Re8 25. Rd7 Qxe6 26. Qxb7 Bf8 27. Nd4 Qe1+ 28. Kh2 Be7 29. Nf3 Qe6 30. Qxa7 f5 31. Qd4+ Bf6 32. Nxg5 Bxd4 33. Nxe6 Bxf2 34. Nxf4 Re3 35. Nxg6+ Kg8 36. Ne7+ Kf8 37. Nxf5 Re1 38. g4 Re2 39. Kg2 Bc5+ 40. Kf3 Rxb2 41. g5 1-0


[Site "https://www.chess.com"]

[Event "Titled Tuesday Blitz January 04 2022"]
[White "Tregubov, Pavel V."]
[Black "Holt, Conrad"]
[WhiteFideId "4115341"]
[BlackFideId "2034387"]
[WhiteElo "2341"]
[BlackElo "2586"]
[Result "1-0"]
[Round "07"]
[TimeControl "180+1"]
[Date "2022.01.04"]
[WhiteClock "0:00:13"]
[BlackClock "0:00:02"]

1. e4 e6 2. d4 d5 3. exd5 exd5 4. Nf3 Bd6 5. c4 c6 6. Nc3 Ne7 7. cxd5 cxd5 8. Bd3 Nbc6 9. O-O Bg4 10. h3 Bh5 11. g4 Bg6 12. Re1 O-O 13. Ne5 Bxd3 14. Qxd3 Ng6 15. f4 Qh4 16. Bd2 Nxd4 17. Qxd4 Qg3+ 18. Kf1 Qxh3+ 19. Kg1 Nh4 20. Qf2 Bc5 21. Be3 d4 22. Qh2 Qxh2+ 23. Kxh2 dxe3 24. Kg3 Ng6 25. Nd7 Rfc8 26. Nxc5 Rxc5 27. Rxe3 h5 28. Rae1 hxg4 29. Re8+ Rxe8 30. Rxe8+ Kh7 31. Ne4 Rd5 32. Ng5+ Kh6 33. Nxf7+ Kh5 34. Re3 Rf5 35. Ne5 Nxf4 36. Nxg4 Ng6 37. Re2 Kg5 38. Rc2 Nh4 39. Nh2 Rf7 40. Rc5+ Nf5+ 41. Kf3 Kh4 42. Ke4 Ng3+ 43. Ke3 Kh3 44. Nf3 Kg2 45. Ng5 Re7+ 46. Kd3 Rd7+ 47. Ke3 Nf1+ 48. Kf4 Rd2 49. Ne4 Rxb2 50. Rg5+ Kh2 51. Rxg7 a5 52. a4 Rb4 53. Kf3 Rxa4 54. Kf2 Kh3 55. Ng5+ Kg4 56. Nf7+ Kf5 57. Kxf1 Kf6 58. Rh7 Rd4 59. Nh6 b5 60. Rb7 Rb4 61. Ke2 1-0


[Site "https://www.chess.com"]

[Event "Titled Tuesday Blitz January 04 2022"]
[White "Tsydypov, Zhamsaran"]
[Black "Gareyev, Timur"]
[WhiteFideId "4108566"]
[BlackFideId "14200937"]
[WhiteElo "2614"]
[BlackElo "2586"]
[Result "1-0"]
[Round "07"]
[TimeControl "180+1"]
[Date "2022.01.04"]
[WhiteClock "0:00:53"]
[BlackClock "0:00:01"]

1. e4 e5 2. Nf3 Nc6 3. d4 exd4 4. Nxd4 Nf6 5. Nxc6 bxc6 6. e5 Qe7 7. Qe2 Nd5 8. h4 a5 9. c4 Ba6 10. Nd2 Nb4 11. Nf3 d5 12. a3 Bxc4 13. Qd2 Bxf1 14. Kxf1 Na6 15. Qxa5 Qd7 16. h5 Be7 17. h6 g6 18. Qc3 O-O 19. e6 d4 20. Qxd4 Qxd4 21. Nxd4 Bc5 22. exf7+ Rxf7 23. Nf3 Nb4 24. Bd2 Nd3 25. Bc3 Nxf2 26. Rh4 g5 27. Rc4 Bb6 28. Nxg5 Rf5 29. Nf3 Rh5 30. Rh4 Rxh4 31. Nxh4 Rf8 32. Nf3 Ng4 33. Bd2 Rf6 34. a4 Nxh6 35. a5 Ba7 36. Ra4 Nf5 37. Rb4 Re6 38. Bf4 Nd6 39. Bxd6 cxd6 40. Rb7 Be3 41. a6 Re8 42. a7 Kf8 43. Rxh7 1-0


[Site "https://www.chess.com"]

[Event "Titled Tuesday Blitz January 04 2022"]
[White "Vokhidov, Shamsiddin"]
[Black "Narayanan.S.L"]
[WhiteFideId "14204223"]
[BlackFideId "5058422"]
[WhiteElo "2611"]
[BlackElo "2494"]
[Result "1-0"]
[Round "07"]
[TimeControl "180+1"]
[Date "2022.01.04"]
[WhiteClock "0:00:53"]
[BlackClock "0:00:30"]

1. e4 e5 2. Nf3 Nc6 3. Bb5 a6 4. Ba4 f5 5. d4 fxe4 6. Nxe5 Nf6 7. O-O Na5 8. c4 Nxc4 9. Nxc4 b5 10. Ncd2 bxa4 11. Nxe4 Nxe4 12. Qh5+ g6 13. Qe5+ Qe7 14. Qxh8 Bb7 15. Bh6 O-O-O 16. Bxf8 Rxf8 17. Qe5 Qh4 18. f3 Ng5 19. Nd2 d6 20. Qe3 Bd5 21. Rac1 Ne6 22. Ne4 Kd7 23. Rfe1 Nf4 24. Qa3 Bxe4 25. Rxe4 Qg5 26. Qxa4+ Kd8 27. Qc2 Nd5 28. Rce1 Rxf3 29. Qc6 1-0


[Site "https://www.chess.com"]

[Event "Titled Tuesday Blitz January 04 2022"]
[White "Vypkhaniuk, Ihor"]
[Black "Bortnyk, Olexandr"]
[WhiteFideId "14112256"]
[BlackFideId "14120828"]
[WhiteElo "2327"]
[BlackElo "2723"]
[Result "0-1"]
[Round "07"]
[TimeControl "180+1"]
[Date "2022.01.04"]
[WhiteClock "0:00:01"]
[BlackClock "0:00:08"]

1. d4 Nf6 2. g3 d5 3. Bg2 Bf5 4. c4 e6 5. Nf3 Nc6 6. O-O dxc4 7. Qa4 Bd6 8. Ne5 O-O 9. Nxc6 bxc6 10. Qxc6 Rb8 11. Nd2 Bg4 12. Re1 Be7 13. h3 Bf5 14. e3 Nd5 15. e4 Nb4 16. Qxc4 Bg6 17. a3 c5 18. axb4 Rxb4 19. Qc2 cxd4 20. Rxa7 d3 21. Qc7 Bd6 22. Qxd8 Rxd8 23. e5 Bc5 24. Rc7 Bd4 25. Rc4 Rb5 26. Be4 Rxe5 27. Kf1 Rb5 28. Bxg6 hxg6 29. b4 e5 30. Nf3 Ba1 31. Nxe5 Bxe5 0-1


[Site "https://www.chess.com"]

[Event "Titled Tuesday Blitz January 04 2022"]
[White "Xiong, Jeffery"]
[Black "Timofeev, Artyom"]
[WhiteFideId "2047640"]
[BlackFideId "4140419"]
[WhiteElo "2727"]
[BlackElo "2583"]
[Result "1-0"]
[Round "07"]
[TimeControl "180+1"]
[Date "2022.01.04"]
[WhiteClock "0:00:16"]
[BlackClock "0:00:03"]

1. d4 d5 2. c4 e6 3. Nf3 c6 4. Bg5 Be7 5. Bxe7 Qxe7 6. Nbd2 Nf6 7. g3 O-O 8. Bg2 b6 9. O-O Bb7 10. Ne5 Nbd7 11. Rc1 c5 12. cxd5 exd5 13. Nxd7 Nxd7 14. Nc4 Rad8 15. Ne3 Nf6 16. Qa4 a6 17. Qa3 Rc8 18. Rfd1 Rfd8 19. Bf3 g6 20. Qb3 b5 21. dxc5 Rxc5 22. Qb4 Rdc8 23. Rc3 Kf8 24. Rxc5 Qxc5 25. Qf4 Qe7 26. Qd4 Kg8 27. Kg2 Qe6 28. Bg4 Nxg4 29. Nxg4 Qe4+ 30. Qxe4 dxe4 31. Rd7 Bc6 32. Ra7 Kg7 33. Rxa6 Bd5 34. Ne3 Be6 35. Rb6 Bxa2 36. Rxb5 Be6 37. g4 Rd8 38. h4 Rd2 39. Kf1 h6 40. Ke1 Rd4 41. g5 h5 42. Nc2 Rc4 43. Ne3 Rc1+ 44. Nd1 Rc4 45. b3 Rc2 46. Rb4 f5 47. Rb7+ Kf8 48. Ne3 Ra2 49. Ng2 Ra1+ 50. Kd2 Ra2+ 51. Ke3 Rb2 52. Nf4 Bf7 53. Kd4 Ke8 54. Ke5 e3 55. fxe3 Rxb3 56. Rxb3 Bxb3 57. Nxg6 Bc4 58. Nf4 1-0


[Site "https://www.chess.com"]

[Event "Titled Tuesday Blitz January 04 2022"]
[White "Yaran, Siar"]
[Black "Saveljev, Vladislav"]
[WhiteFideId "6323006"]
[BlackFideId "4128494"]
[WhiteElo "1977"]
[BlackElo "2331"]
[Result "0-1"]
[Round "07"]
[TimeControl "180+1"]
[Date "2022.01.04"]
[WhiteClock "0:00:01"]
[BlackClock "0:00:16"]

1. e4 e5 2. Nf3 Nc6 3. Bc4 Nf6 4. d3 h6 5. c3 d6 6. a4 g6 7. O-O Bg7 8. Re1 O-O 9. Na3 Nh7 10. h3 Ng5 11. Nxg5 hxg5 12. Re3 Kh7 13. Rg3 Bh6 14. Qd2 f5 15. Rxg5 f4 16. Rg4 Bxg4 17. hxg4 Qh4 18. f3 Bg5 19. Qf2 Qh6 20. Kf1 Kg7 21. Ke2 a6 22. Bd2 Rh8 23. Ba2 Bh4 24. Qg1 Qg5 25. Kd1 Qf6 26. Kc2 Bg3 27. Rd1 Rh2 28. Kb1 Rah8 29. Nc2 R8h4 30. d4 Qf8 31. Na3 Qh8 32. Qf1 Rh1 33. Qc4 Rxd1+ 34. Kc2 Rhh1 35. Qf7+ Kh6 36. Nc4 Rxd2+ 37. Nxd2 exd4 38. Qxc7 dxc3 39. bxc3 Qe5 40. Qxb7 Qc5 41. Bg8 Kg5 0-1


[Site "https://www.chess.com"]

[Event "Titled Tuesday Blitz January 04 2022"]
[White "Yuan, Qingyu"]
[Black "Seo, Jung Min"]
[WhiteFideId "8609772"]
[BlackFideId "1734687"]
[WhiteElo "2359"]
[BlackElo "2401"]
[Result "1/2-1/2"]
[Round "07"]
[TimeControl "180+1"]
[Date "2022.01.04"]
[WhiteClock "0:00:07"]
[BlackClock "0:00:05"]

1. Nf3 Nf6 2. g3 d5 3. Bg2 c5 4. O-O g6 5. d4 cxd4 6. Nxd4 Bg7 7. c4 O-O 8. Na3 Nc6 9. cxd5 Nxd5 10. Nxc6 bxc6 11. Qa4 Qb6 12. Nc4 Qa6 13. Qc2 Nb4 14. Qb3 Be6 15. Qxb4 Bxc4 16. Qxe7 Rae8 17. Qc5 Rxe2 18. Qxc6 Qxc6 19. Bxc6 Re6 20. Bf3 Bxf1 21. Kxf1 Rb8 22. Be3 Rxb2 23. Rc1 Re8 24. Rc7 Rxa2 25. Bd5 Ra1+ 26. Kg2 Kh8 27. Rxf7 Ra5 28. Bc6 Rc8 29. Bb7 Rf8 30. Rd7 a6 31. Rd6 Be5 32. Re6 Bg7 33. Bxa6 Re5 34. Rc6 Ree8 35. Bd3 Rc8 36. Ra6 Ra8 37. Rc6 Rfc8 38. Re6 Re8 39. Rc6 Rac8 40. Ra6 Ra8 41. Rc6 Rac8 42. Ra6 Red8 43. Be4 Re8 44. Bf3 Rc2 45. Kg1 Rcc8 46. h4 Rf8 47. Kg2 Rce8 48. h5 gxh5 49. Bxh5 Ra8 50. Rc6 Rac8 51. Re6 Rf6 52. Re7 Rff8 53. Bg4 Rce8 54. Rd7 Rd8 55. Rb7 Rb8 56. Rd7 Rbd8 57. Rc7 Bd4 58. Bg5 Rxf2+ 59. Kh3 Rg8 60. Bf4 Rxf4 61. gxf4 Bf6 62. Bf5 Bg7 63. Be4 Rf8 64. Kg4 Rg8 65. Kf3 Rf8 66. Rd7 Kg8 67. Bd5+ Kh8 68. Ke4 Bh6 69. f5 Bg7 70. Be6 h5 71. Rd3 h4 72. Rh3 Bf6 73. Kf4 Kg7 74. Kg4 Rd8 75. Rf3 Kh6 76. Kh3 Rd4 77. Rb3 Kg5 78. Ra3 Be5 79. Rb3 Bg3 80. Kg2 Rd2+ 81. Kg1 Bh2+ 82. Kh1 Bg3 83. f6 Kxf6 84. Bc8 Kg5 85. Rb5+ Kf4 86. Rb4+ Ke5 87. Rb3 Kd4 88. Rb7 h3 89. Bxh3 Rh2+ 90. Kg1 Rxh3 91. Kg2 Rh8 92. Kxg3 Rg8+ 93. Kh4 Ke5 94. Rf7 Ke6 95. Rf1 Ke5 96. Kh5 Rg2 97. Kh4 Ke4 98. Kh5 Rg8 99. Kh6 Ke5 100. Kh7 Rg4 101. Rf8 Ke6 102. Rf1 Ke5 103. Rf8 Rg3 104. Rg8 Rxg8 105. Kxg8 1/2-1/2


[Site "https://www.chess.com"]